 Dungeon Crawl Stone Soup version 0.29-a0-1009-g60c99734e7 (webtiles) character file.

Game seed: 5649560626325872894

86 wilsonj99 the Trooper (level 4, -37/41 HPs)
             Began as a Hill Orc Fighter on Aug 8, 2022.
             Killed by an exploding orc (38 damage)
             ... ignited by their inner flame
             ... on level 3 of the Dungeon.
             The game lasted 00:34:49 (1872 turns).

wilsonj99 the Trooper (Hill Orc Fighter)            Turns: 1872, Time: 00:34:56

Health: -37/41     AC:  9    Str: 18    XL:     4   Next: 49%
Magic:  4/4        EV:  9    Int:  8    God:
Gold:   97         SH: 10    Dex: 12    Spells: 3/3 levels left

rFire   . . .      SeeInvis .   a - +0 war axe
rCold   . . .      Faith    .   c - +0 buckler
rNeg    . . .      Spirit   .   b - +0 scale mail
rPois   .          Reflect  +   x - +1 helmet
rElec   .          Harm     .   (no cloak)
rCorr   .          Rampage  .   (no gloves)
Will    .....                   (no boots)
Stlth   ..........              e - amulet of reflection
HPRegen 0.13/turn               (no ring)
MPRegen 0.09/turn               (no ring)

@: mighty
A: no striking features
a: no special abilities


You were on level 3 of the Dungeon.
You visited 1 branch of the dungeon, and saw 3 of its levels.

You collected 97 gold pieces.

Inventory:

Hand Weapons
 a - a +0 war axe (weapon)
 l - a +0 sling
 y - a +1 dagger of electrocution
Missiles
 g - 26 stones (quivered)
Armour
 b - a +0 scale mail (worn)
 c - a +0 buckler (worn)
 o - a +0 robe
 x - a +1 helmet (worn)
Magical Staves
 r - a staff of earth
Jewellery
 e - an amulet of reflection (around neck)
 i - an amulet of guardian spirit
 t - an amulet of faith
Scrolls
 j - 2 scrolls of teleportation {unknown}
 n - a scroll of identify {unknown}
 p - a scroll of fog {unknown}
 q - 2 scrolls of magic mapping {unknown}
 u - a scroll of enchant weapon {unknown}
 v - a scroll of amnesia {unknown}
Potions
 d - 3 potions of might
 k - a potion of berserk rage {unknown}
 m - a potion of haste {unknown}
 s - a potion of curing {unknown}
 w - a potion of heal wounds {unknown}


   Skills:
 + Level 4.4 Fighting
 + Level 3.8 Axes
 + Level 4.1 Armour
 + Level 3.9 Shields


You had 3 spell levels left.
You didn't know any spells.
Your spell library contained the following spells:

 Spells                   Type           Power      Damage    Failure   Level
 Airstrike                Air            0%         2d(0-16)  100%        4
 Summon Lightning Spire   Summ/Air       0%         N/A       100%        4
 Lightning Bolt           Conj/Air       0%         1d11      100%        5


Dungeon Overview and Level Annotations

Branches:
Dungeon (3/15)

Altars:

Shops:
D:1 (

Annotations:
D:3 Sigmund


Message History

You kill the rat!
Sigmund casts a spell.
Sigmund flickers and vanishes!
Deactivating autopickup; reactivate with Ctrl-A.
Something hits you but does no damage.
A magic dart appears from out of thin air!
The magic dart hits you!
You see here 10 gold pieces.
Something completely misses you.
You see here 10 gold pieces.
You now have 97 gold pieces (gained 10).
You block something's attack.
An orc comes into view. It is wielding a +0 hand axe.
Found a stone staircase leading up.
The orc shouts!
A magic dart appears from out of thin air!
The magic dart hits you but does no damage.
Something hits you!
You closely miss something. Something hits you but does no damage.
You hit the orc but do no damage. You closely miss something.
You block the orc's attack. The orc hits you with a +0 hand axe.
* * * LOW HITPOINT WARNING * * *
You block something's attack.
You feel very mighty all of a sudden. The orc hits you with a +0 hand axe.
* * * LOW HITPOINT WARNING * * *
As you read the scroll labelled NAEWEMNITARR, it crumbles to dust.
The creatures around you are filled with an inner flame!
It was a scroll of immolation.
Something hits you!
* * * LOW HITPOINT WARNING * * *
The orc hits you but does no damage.
You closely miss the orc. You miss something. You block the orc's attack.
You block something's attack.
You hit the orc.
Flame seeps out of the orc.
The orc is moderately wounded.
You closely miss something.
The orc is engulfed in blazing flames.
The orc explodes!
The fiery explosion engulfs you!!!
Ouch! That really hurt!
You die...

.. ..# #....# .> #.#
##..#.# #.##.##.##..#..
##### ..... #.....
###.<.. ####†#####.####
######. #.........)....
.....#. #.##.#####)####
♣.#.#####.##.# #.# ##
+.§○@{..##.# #)# ##.
♣.+.####.....#####.####
##. .+.
#.######.......#
#.♣♣♣.## ... #.##.##.#
.....### .....
#.##.##.# #####.#
...... #.......#
#.#.#.#.......#
#.......#
##.#.#.#.......#
#.......# #....#.#
##.....##


There were no monsters in sight!

Vanquished Creatures
  Robin (D:3)
  3 adders
  An orc (D:3)
  An endoplasm (D:1)
  A giant cockroach (D:2)
  12 goblins
  6 hobgoblins
  3 kobolds
  2 quokkas
  10 bats
  2 frilled lizards
  3 rats
45 creatures vanquished.

Notes
Turn   | Place    | Note
-------+----------+-------------------------------------------
     0 | D:1      | wilsonj99 the Hill Orc Fighter began the quest for the Orb.
     0 | D:1      | Reached XP level 1. HP: 19/19 MP: 1/1
    29 | D:1      | Found Hixkoc's Weapon Shop.
   482 | D:1      | Reached XP level 2. HP: 16/27 MP: 2/2
   692 | D:1      | Found a faded altar of an unknown god.
  1391 | D:2      | Reached XP level 3. HP: 31/33 MP: 3/3
  1760 | D:3      | Noticed Robin
  1765 | D:3      | Reached XP level 4. HP: 40/40 MP: 4/4
  1775 | D:3      | Killed Robin
  1837 | D:3      | Noticed Sigmund
  1870 | D:3      | HP: 1/41 [something (7)]
  1872 | D:3      | Killed by an exploding orc... ignited by their inner flame

Illustrated notes

Levels and vault maps discovered:
D:1:      dpeg_arrival_erosion, layout_basic,
          shapermc_ecumenical_altar_totnotflames, serial_shops,
          nicolae_shop_stone
D:2:      layout_basic, interstate_on_off
D:3:      layout_loops_cross, led_sif_book, mainiacjoe_overflow_alcove_4,
          minmay_misc_feat_x, uniq_robin, uniq_sigmund

Skill      XL: |  1  2  3  4 |
---------------+-------------+-----
Axes           | 3 |  3.8
Fighting       | 4 |  4.4
Armour         | 4 |  4.1
Shields        | |  3.9

Action                   |  1- 3 |  4- 6 || total
-------------------------+-------+-------++-------
Melee: War axe           |    79 |    37 ||   116
 Fire: Sling             |     7 |     5 ||    12
Throw: Stone             |     4 |       ||     4
  Use: Scroll            |       |     1 ||     1
       Potion            |       |     1 ||     1
Armor: Scale mail        |    42 |    20 ||    62
Dodge: Dodged            |    28 |    14 ||    42
Block: Buckler           |    56 |    24 ||    80
       Reflection        |     2 |       ||     2

Table legend: (Time is in decaauts)
 A = Elapsed time spent in this place.
 B = Non-inter-level travel time spent in this place.
 C = Inter-level travel time spent in this place.
 D = Time resting spent in this place.
 E = Time spent auto-exploring this place.
 F = Levels seen in this place.
 G = Mean time per level.
                   A        B        C        D        E       F      G
               +--------+--------+--------+--------+--------+-----+--------+
         Total |   1916 |    464 |   1452 |      4 |     20 |   3 |  638.7 |
       Dungeon |   1916 |    464 |   1452 |      4 |     20 |   3 |  638.7 |
               +--------+--------+--------+--------+--------+-----+--------+

Top non-repeatable levels by time:
     D:1: 883 daAuts
     D:2: 801 daAuts
     D:3: 232 daAuts
